 Dungeon Crawl Stone Soup version 0.30-a0-55-g90e3122c3a (webtiles) character file.

Game seed: 3019026331277409834

51 Decritt the Trooper (level 3, -2/24 HPs)
             Began as a Gargoyle Fighter on Sept 10, 2022.
             Slain by a gnoll
             ... wielding a +4 halberd
              (6 damage)
             ... on level 2 of the Dungeon.
             The game lasted 00:03:00 (2949 turns).

Decritt the Trooper (Gargoyle Fighter)              Turns: 2949, Time: 00:03:00

Health: -2/24      AC: 10    Str: 21    XL:     3   Next: 83%
Magic:  3/3        EV:  9    Int:  8    God:
Gold:   62         SH:  4    Dex:  9    Spells: 2/2 levels left

rFire   . . .      SeeInvis .    a - +0 flail
rCold   . . .      Faith    .    c - +0 buckler
rNeg    + . .      Spirit   .    b - +0 scale mail
rPois   ∞          Reflect  .    (no helmet)
rElec   +          Harm     .    (no cloak)
rCorr   .          Rampage  .    (no gloves)
Will    .....                    (no boots)
Stlth   ..........               (no amulet)
HPRegen 0.08/turn                (no ring)
MPRegen 0.08/turn                (no ring)

@: mighty, studying Dodging
A: sickness immunity, AC +3, negative energy resistance 1, electricity
resistance, torment resistance 1, petrification resistance
a: no special abilities


You were on level 2 of the Dungeon.
You visited 1 branch of the dungeon, and saw 2 of its levels.

You collected 62 gold pieces.

Inventory:

Hand Weapons
 a - a +0 flail (weapon)
Missiles
 k - a throwing net (quivered)
Armour
 b - a +0 scale mail (worn)
 c - a +0 buckler (worn)
Scrolls
 f - a scroll of noise {unknown}
 g - 2 scrolls of fear {unknown}
 h - a scroll of silence {unknown}
 i - a scroll of amnesia {unknown}
Potions
 e - 2 potions of invisibility {unknown}
 j - a potion of heal wounds {unknown}
 l - a potion of curing {unknown}


   Skills:
 * Level 4.0 Fighting
 * Level 2.8 Maces & Flails
 + Level 3.6 Armour
 + Level 3.6 Shields


You had 2 spell levels left.
You didn't know any spells.
Your spell library contained the following spells:

 Spells                   Type           Power      Damage    Failure   Level
 Olgreb's Toxic Radiance  Pois           0%         N/A       100%        4
 Ozocubu's Refrigeration  Ice            0%         4d7       100%        7
 Ignition                 Fire           0%         3d3       100%        8


Dungeon Overview and Level Annotations

Branches:
Dungeon (2/15)

Altars:


Innate Abilities, Weirdness & Mutations

You are immune to sickness and miasma.
Your stone body is resilient. (AC +3)
You are immune to poison.
You resist negative energy. (rN+)
You are resistant to electric shocks. (rElec)
You are resistant to unholy torment.
You are immune to petrification.


Message History

There is a stone staircase leading down here.
You start resting.
HP restored.
You start waiting.
Done waiting.
You climb downwards.
There is a stone staircase leading up here.
You see here a throwing net.
The gnoll hits you but does no damage.
You climb upwards.
There is a stone staircase leading down here.
There is a stone staircase leading down here.
You feel very mighty all of a sudden.
You climb downwards.
There is a stone staircase leading up here.
You see here a throwing net.
You block the gnoll's attack. The gnoll completely misses you.
You thump the gnoll!
The gnoll is severely wounded.
The gnoll barely misses you. The gnoll closely misses you.
The gnoll hits you with a +0 spear. You block the gnoll's attack.
You closely miss the gnoll.
The gnoll is severely wounded.
The gnoll hits you from afar with a +0 halberd!
* * * LOW HITPOINT WARNING * * *
The gnoll hits you with a +0 spear.
* * * LOW HITPOINT WARNING * * *
You sock the gnoll!
You kill the gnoll!
You block the gnoll's attack.
Your Fighting skill increases to level 4!
You hit the gnoll.
The gnoll is lightly wounded.
The gnoll hits you with a +4 halberd!
* * * LOW HITPOINT WARNING * * *
The gnoll closely misses you. x2; The gnoll hits you but does no damage.
You hit the gnoll but do no damage.
The gnoll is lightly wounded.
The gnoll hits you with a +4 halberd.
You die...

.. .## ..# ..#
..# .. ..# ..#
#..#.# ####..#
..# #..#.#
#<@)g.# # ...#
#..#.#.###g.##..#
#...#
#..#.#..........#
....#
#..#.####..###.##
######
#..#.###..## ..
.....#
#..#.#...## ##
.###.# #......###
.###.#.#..#.###
..##.#.#..#.#


You could see 2 gnolls.

Vanquished Creatures
  2 gnolls
  An adder (D:2)
  A dart slug (D:2)
  2 bats
  3 endoplasms (D:1)
  A giant cockroach (D:2)
  2 goblins (D:1)
  2 hobgoblins (D:1)
  A quokka (D:1)
  3 ball pythons (D:1)
  4 kobolds (D:1)
22 creatures vanquished.

Notes
Turn   | Place    | Note
-------+----------+-------------------------------------------
     0 | D:1      | Decritt the Gargoyle Fighter began the quest for the Orb.
     0 | D:1      | Reached XP level 1. HP: 14/14 MP: 1/1
   305 | D:1      | Reached XP level 2. HP: 19/19 MP: 2/2
   508 | D:1      | Found a faded altar of an unknown god.
  1132 | D:1      | Reached XP level 3. HP: 7/24 MP: 3/3
  1649 | D:2      | HP: 1/24 [gnoll/+0 halberd (13)]
  2948 | D:2      | Reached skill level 4 in Fighting
  2949 | D:2      | Slain by a gnoll

Illustrated notes

Levels and vault maps discovered:
D:1:      nicolae_arrival_memento_mori, layout_basic,
          shapermc_ecumenical_altar_flowoftime, nicolae_titane
D:2:      layout_basic

Skill      XL: |  1  2  3 |
---------------+----------+-----
Fighting       | 4 |  4.0
Maces & Flails | |  2.8
Armour         | |  3.6
Shields        | |  3.6

Action                   || total
-------------------------++-------
Melee: Flail             ||    61
  Use: Potion            ||     1
Armor: Scale mail        ||    37
Dodge: Dodged            ||    40
Block: Buckler           ||    18

Table legend: (Time is in decaauts)
 A = Elapsed time spent in this place.
 B = Non-inter-level travel time spent in this place.
 C = Inter-level travel time spent in this place.
 D = Time resting spent in this place.
 E = Time spent auto-exploring this place.
 F = Levels seen in this place.
 G = Mean time per level.
                   A        B        C        D        E       F      G
               +--------+--------+--------+--------+--------+-----+--------+
         Total |   2979 |   2923 |     56 |   1759 |    914 |   2 | 1489.5 |
       Dungeon |   2979 |   2923 |     56 |   1759 |    914 |   2 | 1489.5 |
               +--------+--------+--------+--------+--------+-----+--------+

Top non-repeatable levels by time:
     D:1: 2703 daAuts
     D:2: 275 daAuts
